 Dungeon Crawl Stone Soup version bcrawl-1.34.1 (webtiles) character file.

Game seed: 11589732180473497611

104158 Metae the Skirmisher (level 3, 0/33 HPs)
             Began as a Demigod Fighter on Sept 6, 2021.
             Slain by Ijyb
             ... wielding a +0 dagger of electrocution
              (16 damage)
             ... on level 3 of the Dungeon.
             The game lasted 00:07:08 (2039 turns).

Metae the Skirmisher (Demigod Fighter)              Turns: 2039, Time: 00:07:09

Health: 0/33       AC:  9    Str: 22    XL:     3   Next: 85%
Magic:  7/7        EV:  3    Int: 12    God:    Demigod [**....]
Gold:   20         SH:  9    Dex: 16    Spells: 2/2 levels left

rFire    . . .     SeeInvis .   g - -2 mace (curse)
rCold    . . .     Gourm    .   c - +0 medium shield
rNeg     . . .     Faith    .   k - +0 chain mail (curse)
rPois    .         Spirit   .   (no helmet)
rElec    .         Reflect  .   (no cloak)
rCorr    .         Harm     .   (no gloves)
MR       .....                  (no boots)
Stlth    ..........             (no amulet)
HPRegen  0.11/turn              (no ring)
MPRegen  0.10/turn              (no ring)

@: no status effects
A: high mp 1
a: Temporal Distortion, Growth


You were on level 3 of the Dungeon.
You worshipped Demigod.
Demigod was pleased with you.
You were not hungry.

You visited 1 branch of the dungeon, and saw 3 of its levels.

You collected 20 gold pieces.

Inventory:

Hand Weapons
 a - a +0 war axe
 g - a cursed -2 mace (weapon)
Armour
 b - a +0 scale mail
 c - a +0 medium shield (worn)
 k - a cursed +0 chain mail (worn)
Scrolls
 i - 2 scrolls of identify
Potions
 d - a potion of might
 f - 2 potions of ambrosia {unknown}
 j - a potion of cancellation {unknown}
 l - a potion of heal wounds {unknown}
 n - 2 potions of curing {unknown}
Comestibles
 e - 2 rations {!d}
 h - 5 chunks of flesh


   Skills:
 * Level 3.7 Fighting
 - Level 1.7 Axes
 + Level 3.1 Armour
 - Level 2.6 Shields
 + Level 2.1 Invocations


You had 2 spell levels left.
You didn't know any spells.
Your spell library was empty.

Dungeon Overview and Level Annotations

Branches:
Dungeon (3/12)

Annotations:
D:3 Ijyb


Innate Abilities, Weirdness & Mutations

You have an increased reservoir of magic. (+10% MP)


Message History

Ijyb unwields a +0 dagger of electrocution.
It stops crackling.
Ijyb wields a +0 hunting sling.
Ijyb shoots a sling bullet.
The sling bullet hits you but does no damage.
Ijyb zaps a wand.
You resist with some effort.
Ijyb shoots a sling bullet.
The sling bullet hits you.
Ijyb zaps a wand.
You resist with some effort.
You hit Ijyb but do no damage.
Ijyb unwields a +0 hunting sling.
Ijyb wields a +0 dagger of electrocution.
You hear the crackle of electricity.
Ijyb hits you but does no damage.
You closely miss Ijyb.
Ijyb zaps a wand.
You resist with some effort. Ijyb hits you but does no damage.
You are electrocuted!
You hit Ijyb but do no damage. Ijyb hits you but does no damage.
You barely miss Ijyb. Ijyb hits you but does no damage.
You block Ijyb's attack.
You sock Ijyb!
Ijyb is heavily wounded.
Ijyb hits you but does no damage.
You are electrocuted!
You die...
Your divinity fades.

### #.# #.# #.# #)#
#######.### #########
#.....#..รท.
.......g# #.#####.)#.
####@######.#####....
+..................>.
####.###....##.##....
+..............##..##
#####.##.......##<...
#.##.......##..#.
#.##.............
#.#####.......... #.#
.....##.##.


You could see Ijyb.

Vanquished Creatures
  A worm (D:2)
  A dart slug (D:2)
  3 leopard geckos
  5 orcs (D:3)
  6 bats (D:1)
  3 giant cockroaches
  8 hobgoblins
  A jackal (D:2)
  5 kobolds
  A quokka (D:2)
  2 frilled lizards (D:1)
  4 goblins
  7 rats
47 creatures vanquished.

Notes
Turn   | Place    | Note
-------+----------+-------------------------------------------
     0 | D:1      | Metae the Demigod Fighter began the quest for the Orb.
     0 | D:1      | Reached XP level 1. HP: 18/18 MP: 3/3
    92 | D:1      | Reached skill level 1 in Invocations
    92 | D:1      | Reached XP level 2. HP: 23/26 MP: 5/5
   252 | D:1      | Reached * piety under Demigod
   459 | D:1      | Reached XP level 3. HP: 28/31 MP: 6/6
  1239 | D:2      | Found a radiant altar of Vehumet.
  1999 | D:3      | Reached ** piety under Demigod
  2030 | D:3      | Noticed Ijyb
  2039 | D:3      | Slain by Ijyb

Skill      XL: |  1  2  3 |
---------------+----------+-----
Fighting       | 3 |  3.7
Invocations    | 1 2 |  2.1
Armour         | 3 |  3.1
Axes           | |  1.7
Shields        | |  2.6

Action                   || total
-------------------------++-------
Melee: War axe           ||   117
       Mace              ||    81
  Use: Scroll            ||     3
  Eat: Chunk             ||     8
       Ration            ||     1
Armor: Scale mail        ||    65
       Chain mail        ||    36
Dodge: Dodged            ||    40
Block: Medium shield     ||   118
